 Dungeon Crawl Stone Soup version 0.31-a0-963-ga325b2283a (webtiles) character file.

Game seed: 4657220120209020005

124 SacredBeard the Trooper (level 5, 0/48 HPs)
             Began as a Hill Orc Fighter on Oct 25, 2023.
             Slain by an orc wizard
             ... wielding a +0 dagger
              (3 damage)
             ... on level 3 of the Dungeon.
             The game lasted 00:05:04 (2152 turns).

SacredBeard the Trooper (Hill Orc Fighter)          Turns: 2152, Time: 00:05:05

Health: 0/48       AC:  3    Str: 21    XL:     5   Next: 8%
Magic:  5/5        EV: 10    Int: 11    God:
Gold:   98         SH:  0    Dex: 10    Spells: 4/4 levels left

rFire   . . .        a - +0 war axe
rCold   . . .        c - +0 buckler
rNeg    . . .        h - +0 leather armour "Agifeot" {Int+3 Slay+2}
rPois   .            (no helmet)
rElec   .            (no cloak)
rCorr   .            (no gloves)
SInv    .            (no boots)
Will    .....        (no amulet) Stlth
                     (no ring)
HPRegen 0.28/turn    (no ring)
MPRegen 0.09/turn

%: no passive effects
@: confused
A: no striking features
a: no special abilities


You were on level 3 of the Dungeon.
You visited 1 branch of the dungeon, and saw 3 of its levels.

You collected 98 gold pieces.

Inventory:

Hand Weapons
 a - a +0 war axe (weapon)
 k - a +0 arbalest
Armour
 b - a +0 plate armour
 c - a +0 buckler (worn)
 h - the +0 leather armour "Agifeot" (worn) {Int+3 Slay+2}
   (You found it on level 2 of the Dungeon)

   Int+3:     It affects your intelligence (+3).
   Slay+2:    It affects your accuracy & damage with ranged weapons and melee
   (+2).
Jewellery
 n - a ring of fire
Scrolls
 e - 2 scrolls of amnesia {unknown}
 f - a scroll of fog {unknown}
 g - 4 scrolls of identify {unknown}
 i - a scroll of enchant weapon {unknown}
 l - a scroll of noise {unknown}
Potions
 d - a potion of might
 j - 2 potions of mutation {unknown}
 m - a potion of attraction {unknown}


   Skills:
 * Level 5.0 Fighting
 * Level 4.3 Axes
 + Level 3.8 Armour
 + Level 3.8 Shields


You had 4 spell levels left.
You didn't know any spells.
Your spell library contained the following spells:

 Spells                   Type           Power      Damage    Failure   Level
 Blink                    Tloc           0%         N/A       58%         2
 Lesser Beckoning         Tloc           0%         N/A       58%         2
 Momentum Strike          Conj/Tloc      0%         3d8       58%         2
 Hailstorm                Conj/Ice       0%         3d3       83%         3
 Summon Ice Beast         Ice/Summ       0%         N/A       99%         4
 Simulacrum               Ice/Necr       0%         N/A       100%        6


Dungeon Overview and Level Annotations

Branches:
Dungeon (3/15)

Altars:
Okawaru


Message History

You bump into the rock wall.
You feel less confused. Something hits you but does no damage.
You barely miss something.
You hear some strange, mumbled words.
You are confused.
Something hits you.
There is an open door here.
You bump into the rock wall.
Something hits you.
A magic dart appears from out of thin air!
The magic dart hits you!
* * * LOW HITPOINT WARNING * * *
You bump into the rock wall.
An orc wizard appears from thin air!
Reactivating autopickup.
The orc wizard points at you and mumbles some strange words.
The magic dart hits you.
* * * LOW HITPOINT WARNING * * *
You feel less confused.
The orc wizard casts a spell.
The orc wizard flickers and vanishes!
Deactivating autopickup; reactivate with Ctrl-A.
Something hits you but does no damage.
You barely miss something. Something hits you.
* * * LOW HITPOINT WARNING * * *
You hit something but do no damage.
You hear some strange, mumbled words.
You are confused.
You completely miss something.
You hear some strange, mumbled words.
You are more confused.
Something hits you.
* * * LOW HITPOINT WARNING * * *
You're too confused to move!
You hear some strange, mumbled words.
A puff of flame appears from out of thin air!
The puff of flame hits you.
* * * LOW HITPOINT WARNING * * *
You're too confused to move!
Something hits you but does no damage.
You barely miss something. Something hits you.
You die...

.##.......# #.# .##.####### #.#
.##.# ####+#####.# .##.#
#........#.# .##.# #........#.#
.##.# #........#)# .##.#
#........#.# .##.# #........{.#
###.# #.......@### #.# #........#
###.# #........#
....########'##+#################
...............................>.
.............##.###############.#
#...###########.# #.# ###....#
#.# #.# # ####+#### #.# ###.#


There were no monsters in sight!

Vanquished Creatures
  5 adders
  A worm (D:2)
  A dart slug (D:3)
  6 orcs (D:3)
  6 endoplasms
  3 giant cockroaches
  7 goblins
  3 hobgoblins
  8 jackals
  2 kobolds (D:3)
  8 ball pythons
  4 bats (D:1)
  2 frilled lizards
  9 rats
65 creatures vanquished.

Notes
Turn   | Place    | Note
-------+----------+-------------------------------------------
     0 | D:1      | SacredBeard the Hill Orc Fighter began the quest for the
                  | Orb.
     0 | D:1      | Reached XP level 1. HP: 19/19 MP: 1/1
   110 | D:1      | Reached XP level 2. HP: 27/27 MP: 2/2
   242 | D:1      | Reached skill level 4 in Fighting
   625 | D:2      | Reached XP level 3. HP: 29/33 MP: 3/3
   784 | D:2      | Identified the +0 leather armour "Agifeot" {Int+3 Slay+2}
   910 | D:2      | Found an iron altar of Okawaru.
   945 | D:2      | Reached XP level 4. HP: 35/41 MP: 4/4
  1956 | D:3      | Reached skill level 5 in Fighting
  1956 | D:3      | Reached XP level 5. HP: 43/48 MP: 5/5
  2150 | D:3      | HP: 2/48 [something/puff of flame (5)]
  2152 | D:3      | Slain by an orc wizard

Illustrated notes

Levels and vault maps discovered:
D:1:      dpeg_arrival_lava_temple_mockup, layout_basic
D:2:      layout_basic, basic_altar, nicolae_the_louvre
D:3:      layout_basic

Skill      XL: |  1  2  3  4 |
---------------+-------------+-----
Axes           | 3 4 |  4.3
Fighting       | 4 5 |  5.0
Armour         | |  3.8
Shields        | |  3.8

Action                     |  1- 3 |  4- 6 || total
---------------------------+-------+-------++-------
  Melee: War axe           |    86 |    75 ||   161
 Armour: Scale mail        |    47 |       ||    47
         Leather armour    |    14 |    50 ||    64
  Dodge: Dodged            |    36 |    23 ||    59
  Block: Buckler           |    18 |     8 ||    26

Table legend: (Time is in decaauts)
 A = Elapsed time spent in this place.
 B = Non-inter-level travel time spent in this place.
 C = Inter-level travel time spent in this place.
 D = Time resting spent in this place.
 E = Time spent auto-exploring this place.
 F = Levels seen in this place.
 G = Mean time per level.
                   A        B        C        D        E       F      G
               +--------+--------+--------+--------+--------+-----+--------+
         Total |   2205 |   2181 |     24 |      0 |   1729 |   3 |  735.0 |
       Dungeon |   2205 |   2181 |     24 |      0 |   1729 |   3 |  735.0 |
               +--------+--------+--------+--------+--------+-----+--------+

Top non-repeatable levels by time:
     D:3: 849 daAuts
     D:2: 729 daAuts
     D:1: 627 daAuts
